 Dungeon Crawl Stone Soup version 0.23.0-3-gf3c87f2 (console) character file.

Game seed: 12115337203633575965

86 fly the Skirmisher (level 4, -5/49 HPs)
             Began as an Ogre Hunter on Feb 22, 2019.
             Slain by a worm (9 damage)
             ... while paralysed
             ... on level 3 of the Dungeon.
             The game lasted 00:03:27 (1965 turns).

fly the Skirmisher (Ogre Hunter)                    Turns: 1965, Time: 00:03:27

Health: -5/49      AC:  4    Str: 16    XL:     4   Next: 49%
Magic:  4/4        EV:  1    Int: 12    God:
Gold:   79         SH:  0    Dex: 10    Spells: 3/3 levels left

rFire    . . .     SeeInvis .   a - +3 hand axe (vamp)
rCold    . . .     Gourm    .   (no shield)
rNeg     . . .     Faith    .   y - +0 robe
rPois    .         Spirit   .   (helmet restricted)
rElec    .         Reflect  .   q - +0 cloak
rCorr    .         Harm     .   (gloves unavailable)
MR       .....                  (boots unavailable)
Stlth    +.........             (no amulet)
HPRegen  0.16/turn              (no ring)
MPRegen  0.09/turn              (no ring)

@: paralysed, fainting
A: large, unfitting armour, tough skin 1
a: no special abilities


You were on level 3 of the Dungeon.
You were fainting.

You visited 1 branch of the dungeon, and saw 3 of its levels.

You collected 79 gold pieces.

Inventory:

Hand Weapons
 a - a +3 vampiric hand axe (weapon)
Missiles
 c - 4 large rocks (quivered)
 d - 2 throwing nets
 g - 5 poisoned needles
Armour
 q - a +0 cloak (worn)
 y - a +0 robe (worn)
Scrolls
 b - a scroll of remove curse {unknown}
 e - 3 scrolls of enchant armour {unknown}
 i - a scroll of enchant weapon {unknown}
 j - 2 scrolls of teleportation {unknown}
 l - 2 scrolls of amnesia {unknown}
 m - a scroll of noise {unknown}
 n - 2 scrolls of blinking {unknown}
Potions
 h - a potion of haste {unknown}
Comestibles
 f - 5 rations


   Skills:
 + Level 4.7 Fighting
 - Level 4.0 Throwing
 + Level 3.1 Dodging
 - Level 0.6 Stealth


You had 3 spell levels left.
You didn't know any spells.
Your spell library was empty.

Dungeon Overview and Level Annotations

Branches:
Dungeon (3/15)

Altars:
Elyvilon
Nemelex Xobeh


Innate Abilities, Weirdness & Mutations

You are too large for most types of armour.
You have tough skin. (AC +1)


Message History

The bat hits you.
* * * LOW HITPOINT WARNING * * *
The frilled lizard bites you but does no damage.
A hobgoblin comes into view.
A giant cockroach comes into view.
The rat bites you.
* * * LOW HITPOINT WARNING * * *
You feel sick.
You are no longer poisoned.
The bat hits you.
* * * LOW HITPOINT WARNING * * *
The frilled lizard bites you.
* * * LOW HITPOINT WARNING * * *
The rat completely misses you. The bat hits you but does no damage.
The frilled lizard bites you.
* * * LOW HITPOINT WARNING * * *
The rat bites you but does no damage.
The hobgoblin shouts!
The frilled lizard bites you but does no damage.
The worm bites you!
You die...

#.####### #....## ###
#.#)....# #.....#
....#.......####.....##.
...................<....
?...##......#####....###
### #......# #....#
##.##### ##.###
##.####### #.#
#.@rg..!.. #.#
#wbl...... #.#
#......... #.#
#......... #..s......
#....?g... #.....$...
.......###


You could see a worm, a giant cockroach, a hobgoblin, a goblin, a bat, a frilled
lizard and a rat.

Vanquished Creatures
  3 adders
  A gnoll (D:1)
  An ooze (D:2)
  2 worms (D:2)
  2 dart slugs (D:2)
  A leopard gecko (D:1)
  A ball python (D:2)
  2 giant cockroaches
  4 goblins
  3 hobgoblins
  A quokka (D:2)
  3 bats
  A frilled lizard (D:1)
  3 kobolds
  10 rats
38 creatures vanquished.

Notes
Turn   | Place    | Note
-------+----------+-------------------------------------------
     0 | D:1      | fly the Ogre Hunter began the quest for the Orb.
     0 | D:1      | Reached XP level 1. HP: 22/22 MP: 1/1
   297 | D:1      | Reached XP level 2. HP: 23/31 MP: 2/2
   554 | D:1      | Reached XP level 3. HP: 29/39 MP: 3/3
   910 | D:2      | Found a white marble altar of Elyvilon.
   925 | D:2      | Reached XP level 4. HP: 48/49 MP: 4/4
  1326 | D:2      | Found a sparkling altar of Nemelex Xobeh.
  1604 | D:2      | Noticed a phantom
  1958 | D:3      | Paralysed by fainting for 8 turns
  1965 | D:3      | Slain by a worm

Skill      XL: |  1  2  3  4 |
---------------+-------------+-----
Fighting       | 3 4 |  4.7
Dodging        | 2 3 |  3.1
Throwing       | |  4.0
Stealth        | |  0.6

Action                   |  1- 3 |  4- 6 || total
-------------------------+-------+-------++-------
Melee: Short sword       |    25 |       ||    25
       Spear             |    22 |       ||    22
       Hand axe          |    50 |    45 ||    95
Throw: Large rock        |     1 |     4 ||     5
 Stab: Sleeping          |       |     1 ||     1
  Eat: Ration            |     1 |       ||     1
       Chunk             |     1 |     1 ||     2
Armor: Robe              |    45 |    24 ||    69
Dodge: Dodged            |    62 |    26 ||    88
